 Dungeon Crawl Stone Soup version 0.25.0-46-gbd7b0854d2 (webtiles) character file.

Game seed: 628599423527080397

27 Descartes the Sneak (level 2, 0/11 HPs)
             Began as a Felid Enchanter on July 15, 2020.
             Slain by an adder (5 damage)
             ... on level 1 of the Dungeon.
             The game lasted 00:02:21 (2130 turns).

Descartes the Sneak (Felid Enchanter)               Turns: 2130, Time: 00:02:21

Health: 0/11       AC:  1    Str:  4    XL:     2   Next: 93%
Magic:  6/6        EV: 18    Int: 16    God:
Gold:   50         SH:  0    Dex: 16    Spells: 4/5 levels left
                                        Lives:  0   Deaths: 0

rFire    . . .     SeeInvis +     - Unarmed
rCold    . . .     Gourm    .   (shield unavailable)
rNeg     . . .     Faith    .   (armour unavailable)
rPois    .         Spirit   .   (helmet unavailable)
rElec    .         Reflect  .   (cloak unavailable)
rCorr    .         Harm     .   (gloves unavailable)
MR       .....                  (boots unavailable)
Stlth    ++++......             (no amulet)
HPRegen  0.03/turn              (no ring)
MPRegen  0.10/turn              (no ring)

@: lethally poisoned (0 -> -9), quick
A: very small, no armour, no weapons or thrown items, stealth, claws 1, fangs 3,
see invisible, carnivore, speed 1, shaggy fur 1, slow metabolism 1, sharp paws
a: no special abilities


You were on level 1 of the Dungeon.
You were full.

You visited 1 branch of the dungeon, and saw 2 of its levels.

You collected 50 gold pieces.

Inventory:

Missiles
 d - 38 stones
Scrolls
 a - a scroll of blinking {unknown}
 c - a scroll of identify {unknown}
 f - a scroll of random uselessness {unknown}
Potions
 h - a potion of berserk rage {unknown}
Comestibles
 b - a ration


   Skills:
 - Level 2.6 Dodging
 + Level 5.8 Stealth
 - Level 1.0 Unarmed Combat
 - Level 2.0 Spellcasting
 - Level 4.4 Hexes


You had 4 spell levels left.
You knew the following spells:

 Your Spells              Type           Power        Failure   Level  Hunger
a - Corona                Hex            ###....      3%          1    #......

Your spell library contained the following spells:

 Spells                   Type           Power        Failure   Level  Hunger
 Confusing Touch          Hex            ###.....     11%         3    ###....
 Tukima's Dance           Hex            ###.....     11%         3    ###....
 Ensorcelled Hibernation  Hex/Ice        #.....       13%         2    ###....
 Dazzling Flash           Conj/Hex       #.....       26%         3    ###....


Dungeon Overview and Level Annotations

Branches:
Dungeon (2/15)

Altars:


Innate Abilities, Weirdness & Mutations

You cannot wear armour.
You are incapable of wielding weapons or throwing items.
Your paws allow you to move quietly. (Stealth)
You have sharp claws.
You have razor-sharp teeth.
You have supernaturally acute eyesight. (SInv)
You are carnivorous and can eat meat at any time.
You cover ground quickly.
You are covered in fur. (AC +1)
You have a slow metabolism.
Your sharp claws are effective at attacking unaware monsters.


Message History

You completely miss the adder.
You feel sick. The adder bites you but does no damage. The adder bites you.
You are more poisoned.
The adder poisons you!
It was a potion of curing.
You feel better. The adder misses you.
There is a stone staircase leading up here.
The adder misses you.
You climb upwards.
There is a stone staircase leading down here.
You closely miss the adder. The adder closely misses you.
You barely miss the adder. The adder completely misses you. x2
You scratch the adder but do no damage. Your bite misses the adder.
The adder completely misses you.
You miss the adder. The adder bites you.
You are lethally poisoned!
The adder poisons you!
You scratch the adder.
The adder is moderately wounded.
You feel sick. The adder bites you.
You die...

#....# #.# #.# #.# ###..#
#.# #.# #.# #..# #.# #.#
#.# #..# #.# #.# #.#
#..#### #.###>#####.#
#.....# #...........##
#.###.# ##...........# #.#
#.# ##S.##.######.# #.# #.#
##@#.#...#####.# #.# #.#
#.###..#.......# #.# #.#
##.#.#...####..# #.# #.#
##..##.#####..#### #.# #.#
#..##.#.......).. #.# #.#
#..##.#.###..#### #.# #.#
#..##.#.###..#
#.###.#####............####
#..........................


You could see an adder.

Vanquished Creatures
  An ooze (D:1)
  A dart slug (D:1)
  A leopard gecko (D:1)
  2 hobgoblins (D:1)
  3 jackals (D:1)
  2 bats
  3 frilled lizards (D:1)
  3 goblins (D:1)
  2 kobolds (D:1)
  A rat (D:1)
19 creatures vanquished.

Notes
Turn   | Place    | Note
-------+----------+-------------------------------------------
     0 | D:1      | Descartes the Felid Enchanter began the quest for the Orb.
     0 | D:1      | Reached XP level 1. HP: 7/7 MP: 4/4
   297 | D:1      | Reached skill level 5 in Stealth
   297 | D:1      | Reached XP level 2. HP: 8/11 MP: 6/6
  2130 | D:1      | Slain by an adder

Illustrated notes

Levels and vault maps discovered:
D:1:      nagdon_arrival_zigzag_paths, layout_loops_ring
D:2:      layout_loops_ring, marbit_many_paths, lemuel_round_altar,
          okawaru_trees_2, overflow_temple_1_default, minmay_misc_feat_encased,
          minmay_quadrilaterals

Skill      XL: |  1 |
---------------+----+-----
Stealth        | 5 |  5.8
Dodging        | |  2.6
Unarmed Combat | |  1.0
Spellcasting   | |  2.0
Hexes          | |  4.4

Action                   || total
-------------------------++-------
Melee: Unarmed           ||   100
       Bite              ||     6
  Use: Potion            ||     2
 Stab: Sleeping          ||     6
  Eat: Chunk             ||     6
Armor: Skin              ||     3
Dodge: Dodged            ||    92
